[Event "*** Titled Tuesday Blitz"]
[Site "Chess.com"]
[Date "2018.12.04"]
[Round "4"]
[White "Zq1"]
[Black "Dr-Bassem"]
[Result "0-1"]
[WhiteElo "2503"]
[BlackElo "2734"]
[TimeControl "180+2"]
[EndTime "13:53:02 PST"]
[Termination "Dr-Bassem won by resignation"]

1. d4 Nf6 2. c4 g6 3. Nc3 Bg7 4. e4 O-O 5. Nf3 d6 6. Be2 e5 7.
O-O Nc6 8. d5 Ne7 9. Ne1 Nd7 10.
Be3 f5 11. f3 f4 12. Bf2 g5 13. Nb5 a6 14. Na7 Rxa7 15. Bxa7 b6 16. b4 h5 17. Rc1 Ng6 18. c5 dxc5 19. bxc5 Nxc5 20. Rxc5 bxc5 21.
Bxc5 Rf6 22. Nd3 Bf8 23. Bxf8 Qxf8 24. Qc2 Rf7 25. Rc1 g4 26. Nc5 Nh4 27. Ne6 Bxe6 28.
dxe6 Rg7 29. Kh1 Qe7 30. Qc5 Qg5 31. e7 Rxe7 32. Qd5+ Kh7 33. Qd8 gxf3 34. Bxf3 Qg7 35. Rd1 c5 36. Qc8 Rc7 37. Qh3 Nxf3 38. Qxh5+ Qh6 39.
Qxf3 c4 40. Qc3 Qh5 41. Rc1 Kg6 42. Qd2 Rc6 43. Qd7 Rf6 44. Qe8+ Kg5 45. Qxh5+ Kxh5 46. Rxc4 Rb6 47. h3 Rb1+ 48. Kh2 Rb2 49. Rc3 Rxa2 50. Kg1 Kg5 51. Rc5 Kf6 52. Rc6+ Kg5 53. Re6 Ra5 54.
Kh2 f3 55. gxf3 Kf4 56. Rf6+ Ke3 57. Kg3 Ra1 58. Kg4 a5 59. Kf5 Kxf3 60. Kxe5+ Kg3 61. Rh6 a4 62. Ra6 a3 63. Ke6 a2 64. Ra3+ Kh4 65. e5 Kh5 66. Ra4 Kg5 67. Ra8 Kh4 68. Ra3 Kh5 69.
Ra4 Kg5 70. Rg4+ Kh5 71. Rg2 Kh4 72. Re2 Kxh3 73. Ke7 Kg4 74. e6 Kf3 75. Rd2 Kf4 76. Kd7 Ke3 77. e7 Kxd2 78. e8=Q Rd1 79. Qe4 a1=Q 80.
Qd5+ Kc2 0-1

[Event "*** Titled Tuesday Blitz"]
[Site "Chess.com"]
[Date "2018.12.04"]
[Round "4"]
[White "SmoothAsAHedgehog"]
[Black "SantoBlue"]
[Result "0-1"]
[WhiteElo "2555"]
[BlackElo "2720"]
[TimeControl "180+2"]
[EndTime "13:53:05 PST"]
[Termination "SantoBlue won by resignation"]

1. Nf3 Nf6 2. c4 e6 3. g3 d5 4.
Bg2 Be7 5. b3 O-O 6. Bb2 b6 7.
O-O Bb7 8. e3 Nbd7 9. Nc3 Ne4 10.
d3 Nxc3 11. Bxc3 Bf6 12. Qc2 c5 13. Rac1 Rc8 14. Rfd1 Qe7 15. Qb2 Rfd8 16. Bxf6 Nxf6 17. cxd5 Bxd5 18. d4 Qb7 19. Ne1 Bxg2 20. Nxg2 Ne4 21.
dxc5 Rxd1+ 22. Rxd1 Ng5 23. h4 Nf3+ 24. Kh1 bxc5 25.
Qe2 Qe4 26. Qc4 Qxc4 27. bxc4 Ne5 28. Rc1 Rb8 29. Ne1 Rb2 30. f4 Ng4 31. Nd3 Rxa2 32. Nxc5 Nxe3 33. Nd7 Rd2 34. Ne5 f6 35. Nc6 a6 36. c5 Kf8 37. Nb8 Ke8 38. c6 Kd8 39. Nxa6 Rd6 40. Nb4 Nd5 41. Nd3 Kc7 42. Nf2 Ne7 43.
Ne4 Rxc6 44. Ra1 Kb7 45. Rb1+ Kc7 46. Ra1 Nc8 47. Kg2 Kd7 48. Rb1 Rc7 49. h5 Ke7 50. Re1 Nb6 51. Re2 Nd5 52. Kf2 Rc6 53. Nd2 Kf7 54.
Nf3 Ne7 55. Nd4 Rd6 56. Nf3 Rd5 57. g4 Nc6 58. Kg3 Ke7 59. Rc2 Kd6 60. Re2 Rd3 61. Re4 Kd5 62. Ra4 Nd4 63. Rxd4+ Rxd4 64. Nxd4 Kxd4 65.
g5 f5 66. Kf3 g6 67. hxg6 hxg6 68. Kf2 Ke4 69. Kg3 0-1

[Event "*** Titled Tuesday Blitz"]
[Site "Chess.com"]
[Date "2018.12.04"]
[Round "4"]
[White "pedroholly22"]
[Black "PowerThinking2650"]
[Result "1/2-1/2"]
[WhiteElo "2193"]
[BlackElo "2253"]
[TimeControl "180+2"]
[EndTime "13:53:25 PST"]
[Termination "Game drawn - insufficient material"]

1. e4 e5 2. Nf3 Nc6 3. Bb5 a6 4. Ba4 Nf6 5. O-O Be7 6. Re1 b5 7. Bb3 O-O 8. h3 Bb7 9. d3 d5 10. d4 dxe4 11. Nxe5 Nxd4 12. Nd2 c5 13. a4 c4 14. Ba2 Bd6 15. Ndxc4 Bc7 16. Nxf7 Rxf7 17. Ne3 Qd6 18. Nf1 Rf8 19. c3 Nf5 20. Bxf7+ Rxf7 21. axb5 axb5 22. Qb3 Qd5 23. Qxd5 Bxd5 24.
Rd1 h6 25. Ne3 Nxe3 26. Bxe3 Bc4 27. Ra6 Bd3 28. Bd4 Nd5 29. b3 Nf4 30. Kh1 Kh7 31. Ra7 Ne2 32. Be5 Bxe5 33. Rxf7 Nxc3 34. Ra1 Bf6 35. Raa7 Kg6 36. Rfc7 b4 37. Rab7 Nd5 38. Rc6 Kf5 39. Rc5 Ke6 40. Rb8 Bc3 41. Rc6+ Kd7 42.
Rc5 Nf4 43. Rb7+ Kd6 44. Rc8 Ke6 45. Rbc7 Kf5 46. Rxc3 bxc3 47. Rxc3 Nd5 48. Rc5 Ke5 49. b4 Kd4 50. Kg1 Nxb4 51. Rc7 g6 52. Rh7 h5 53. Rg7 e3 54. Rd7+ Nd5 55. fxe3+ Ke5 56.
Kf2 Be4 57. Ra7 Bf5 58. h4 Nf6 59. g3 Ne4+ 60. Kf3 Bg4+ 61. Kg2 Be2 62. Ra4 Kf5 63. Kh2 Bf3 64. Rd4 Kg4 65. Ra4 Kf5 66. Ra5+ Kf6 67. Ra6+ Kf5 68. Ra5+ Kg4 69. Ra6 g5 70. hxg5 Nxg5 71.
Ra5 Ne4 72. Kg1 Nxg3 73. Ra8 h4 74. Rg8+ Kf5 75. Kh2 Bg4 76. Rh8 Kg5 77. Rg8+ Kh5 78. Rh8+ Kg5 79. Rg8+ Kf5 80. Rh8 Nf1+ 81. Kg1 Nxe3 82. Rxh4 Kg5 83. Rh8 Kf4 84. Rf8+ Kg3 85. Ra8 Bf3 86. Ra3 Ng4 87. Rxf3+ Kxf3 1/2-1/2

[Event "*** Titled Tuesday Blitz"]
[Site "Chess.com"]
[Date "2018.12.04"]
[Round "4"]
[White "JMatias"]
[Black "staz_staz"]
[Result "1/2-1/2"]
[WhiteElo "2355"]
[BlackElo "2350"]
[TimeControl "180+2"]
[EndTime "13:53:26 PST"]
[Termination "Game drawn by repetition"]

1. e3 c5 2. d4 g6 3. Nf3 Bg7 4. c4 cxd4 5. exd4 d5 6. c5 Nf6 7.
Nc3 Nc6 8. h3 O-O 9. Bf4 Ne4 10.
Rc1 Bf5 11. Bb5 Qa5 12. Qa4 Qxa4 13. Bxa4 Nxd4 14. Nxd4 Bxd4 15. Nxd5 Nxf2 16. Nxe7+ Kg7 17. Nxf5+ gxf5 18. Rc4 Nd3+ 19. Kd2 Nxf4 20. Rxd4 Ne6 21. Rc4 Rad8+ 22. Kc1 Rd5 23. b4 Rfd8 24. Rd1 f4 25. Rxd5 Rxd5 26. Bb3 Re5 27. Kd2 Kf6 28.
Bd1 Rd5+ 29. Kc1 Ke5 30. Bf3 Rd7 31. a4 Nd4 32. Bg4 f5 33. Bd1 Kd5 34. Rc3 Rg7 35. b5 Rc7 36. c6 bxc6 37. bxc6 Rxc6 38. Kd2 Rxc3 39. Kxc3 Kc5 40. Bh5 h6 41. Be8 a5 42.
Bh5 Kd5 43. Kd3 Kc5 44. Bf7 Nc6 45. Be6 Nb4+ 46. Ke2 Kd4 47. Bxf5 Nd5 48. Kf3 Ke5 49. Bd7 Nb6 50. Bb5 Nd5 51. Kg4 Nf6+ 52. Kf3 Kf5 53.
Bd3+ Ke5 54. h4 Nd5 55. Kg4 Nf6+ 56. Kf3 Nd5 57. Bc4 Nc3 58. Bb3 h5 59. Bc2 Nd5 60. Bg6 Nc3 61. Be8 Kf5 62. Bxh5 Nxa4 63. Bg4+ Ke5 64. Bd7 Nc5 65. Bb5 Ne4 66. Kg4 Nc3 67. Bd3 a4 68. h5 a3 69. Bc4 a2 70. Bxa2 Nxa2 71. Kg5 Nc3 72. h6 Ne4+ 73. Kg6 Nf6 74. Kg5 Ne4+ 75. Kg6 Nf6 76. Kg5 Ne4+ 77. Kg6 1/2-1/2

[Event "*** Titled Tuesday Blitz"]
[Site "Chess.com"]
[Date "2018.12.04"]
[Round "4"]
[White "VincentBlom"]
[Black "yildirim2018"]
[Result "1-0"]
[WhiteElo "2507"]
[BlackElo "2440"]
[TimeControl "180+2"]
[EndTime "13:54:04 PST"]
[Termination "VincentBlom won on time"]

1. d4 Nf6 2. Bg5 d5 3. Bxf6 gxf6 4. Nf3 c5 5. c3 Nc6 6. e3 e5 7. g3 e4 8. Nh4 cxd4 9. cxd4 Qb6 10. Qd2 Ne7 11.
Nc3 Be6 12. Bb5+ Nc6 13. Ng2 h5 14. Nf4 Rd8 15. h4 a6 16. Be2 Bh6 17. Nxe6 fxe6 18. Bxh5+ Ke7 19. Be2 Rdg8 20. Na4 Qa7 21. Qc3 Kf7 22.
Qc5 Qb8 23. Nb6 Rd8 24. O-O-O Bf8 25. Qc3 Qa7 26. Na4 Rc8 27. Kb1 b5 28. Nc5 Ne5 29.
dxe5 Qxc5 30. Qxc5 Rxc5 31. exf6 Kxf6 32. g4 Bd6 33.
g5+ Kf5 34. Rdg1 Ke5 35. h5 Be7 36. h6 Bf8 37. g6 Bxh6 38. Rxh6 Rxh6 39. g7 Rc8 40.
g8=Q Rxg8 41. Rxg8 Rh2 42. Rf8 Kd6 43. Bd1 Ke7 44. Rf4 e5 45. Rf5 Ke6 46. Bg4 Rg2 47. Bh3 Rh2 48. Rh5+ Kd6 49. b4 Rxf2 50. Rh6+ Kc7 51.
Bg4 d4 52. Rh3 d3 53. Bd1 Rf1 54. Kc1 Kd6 55. Kd2 Ke6 56. Rh6+ Kf5 57. Rxa6 Rf2+ 58. Ke1 Rb2 59. a3 Ra2 60. Ra5 Kf6 61. Rxb5 Rxa3 62.
Rb6+ Kg5 63. Rb8 Ra1 64. b5 Rb1 65. b6 Rb2 66. Kf1 Rb1 67. Ke1 Rb2 68. Rg8+ Kh4 69.
Rg4+ Kh3 70. Rxe4 Rb5 71. Rg4 Rxb6 72. Rg5 e4 73. Rg4 Rb4 74. Rg1 Kh2 75. Rg4 Kh3 76.
Rg8 Kh4 77. Kf2 Rb2+ 78. Ke1 Rb4 79. Rg7 Kh3 80. Rg8 Kh4 81. Ra8 Kg3 82. Ra4 Rxa4 83. Bxa4 Kf3 84. Kd2 Kg3 85. Bc6 Kf3 86. Bd5 1-0

[Event "*** Titled Tuesday Blitz"]
[Site "Chess.com"]
[Date "2018.12.04"]
[Round "4"]
[White "VladimirBelous"]
[Black "Hikaru"]
[Result "1-0"]
[WhiteElo "2761"]
[BlackElo "3028"]
[TimeControl "180+2"]
[EndTime "13:54:15 PST"]
[Termination "VladimirBelous won by checkmate"]

1. Nf3 d5 2. c4 d4 3. g3 c5 4. Bg2 Nc6 5. O-O e5 6. e3 Nf6 7. exd4 exd4 8. Re1+ Be7 9. d3 O-O 10. Bg5 h6 11. Bxf6 Bxf6 12. Nbd2 Bf5 13. Ne4 Be7 14.
a3 Qd7 15. Qa4 Rfe8 16. Rab1 Bf8 17. Nh4 Bh3 18. Bxh3 Qxh3 19. Qb5 Ne5 20. f4 a6 21. Qxb7 Nxd3 22. Re2 Nxf4 23. Rf2 Rab8 24. Qc7 Rxe4 25. Qxb8 Ne2+ 26. Kh1 d3 27. Rbf1 d2 28. Rxf7 Nxg3+ 29. Qxg3 Qxg3 30. Rxf8+ Kh7 31. hxg3 Re1 32. Ng2 d1=Q 33.
Rxe1 Qd4 34. Nf4 Qxc4 35. Ree8 Qf1+ 36. Kh2 Qf2+ 37. Kh3 Qf1+ 38. Kh2 Qf2+ 39. Ng2 Qxb2 40. Kh3 Qa1 41. Nf4 Qf1+ 42. Kg4 Qd1+ 43. Kf5 Qd7+ 44. Ke5 Qc7+ 45. Kd5 Qd7+ 46. Kxc5 Qc7+ 47. Kd5 Qd7+ 48. Ke4 Qc6+ 49. Kf5 Qd7+ 50. Ke5 Qc7+ 51. Ke4 Qc6+ 52. Ke3 Qc3+ 53. Kf2 Qc2+ 54. Kf3 Qc6+ 55. Kg4 Qd7+ 56. Ne6 Qd1+ 57. Kf5 Qd5+ 58. Kf4 Qc4+ 59. Ke5 Qc3+ 60.
Kd5 Qb3+ 61. Kc6 Qc3+ 62. Kb7 Qb3+ 63. Ka7 Qe3+ 64. Kb7 Qb3+ 65. Kc8 Qc3+ 66. Nc7 Qxg3 67. a4 h5 68. Rh8+ Kg6 69. Re6+ Kg5 70. Rxa6 Qg4+ 71.
Kb7 Qb4+ 72. Rb6 Qe4+ 73. Kb8 Qxa4 74. Rb5+ Kg4 75. Rhxh5 Qf4 76. Kb7 g5 77. Rh6 Qe4+ 78. Rc6 Kh4 79. Nd5 g4 80. Kb6 Qd4+ 81. Rcc5 Qh8 82. Rb4 Qb8+ 83. Ka5 Qd6 84. Rcb5 Kh3 85. Nf4+ Kg3 86. Rd5 Qc7+ 87. Kb5 Qb8+ 88. Ka4 Qe8+ 89. Kb3 Qf7 90. Kc2 Kh2 91. Rd2+ Kg3 92. Rd3+ Kh2 93.
Ne2 Qa2+ 94. Kd1 Qa1+ 95. Kd2 Qa5 96. Rb3 Qd5+ 97. Ke1 Qa5 98. Kf2 Qc5+ 99. Kf1 Qf5+ 100. Rf4 Qd5 101. Rf2+ Kh1 102. Rh3+ gxh3 103. Ng3# 1-0

[Event "*** Titled Tuesday Blitz"]
[Site "Chess.com"]
[Date "2018.12.04"]
[Round "4"]
[White "ChristopherYoo"]
[Black "ckgchess"]
[Result "1/2-1/2"]
[WhiteElo "2423"]
[BlackElo "2582"]
[TimeControl "180+2"]
[EndTime "13:54:38 PST"]
[Termination "Game drawn by 50-move rule"]

1. e4 c5 2. Nf3 d6 3. d4 cxd4 4.
Nxd4 Nf6 5. Nc3 a6 6. Nb3 Nc6 7. Be2 g6 8. Be3 Bg7 9. Nd5 Nxd5 10. exd5 Ne5 11. O-O O-O 12. Qd2 b5 13. Na5 Qc7 14. Bd4 Bb7 15. f4 Nd7 16. Bxg7 Kxg7 17. Bf3 Rac8 18. Rac1 Ba8 19. Kh1 Nf6 20. c4 bxc4 21. Rxc4 Qb6 22. Rfc1 Rxc4 23. Nxc4 Qb5 24. Ne3 Rb8 25. b3 Qb4 26. Qxb4 Rxb4 27. Rc7 Rxf4 28. Rxe7 Nxd5 29. Bxd5 Bxd5 30. Kg1 Be6 31. Ra7 d5 32. Rxa6 d4 33. Nd1 Kf6 34. Nf2 Ke7 35. Nd3 Re4 36.
Kf2 Re3 37. Nf4 Rc3 38. Ke2 g5 39. Nd3 Rc2+ 40. Kf1 Bf5 41. Nb4 Rb2 42. Nc6+ Kf8 43. Ra8+ Kg7 44. Nxd4 Be4 45. Ra5 Bxg2+ 46. Ke1 h6 47.
Nf5+ Kg6 48. Ne7+ Kh5 49. Nf5 Kg4 50. Nxh6+ Kf4 51. Nxf7 Ke3 52. Re5+ Be4 53. Rxe4+ Kxe4 54. Nxg5+ Ke3 55. Kf1 Rxa2 56. Nh3 Rxh2 57. Ng1 Rb2 58. Nh3 Rxb3 59. Kg2 Rb8 60. Ng1 Rg8+ 61. Kf1 Rg7 62.
Nh3 Rg6 63. Ng1 Rg3 64. Ne2 Rf3+ 65. Ke1 Rf2 66. Ng1 Ra2 67. Kf1 Rb2 68. Nh3 Rc2 69.
Ng1 Rf2+ 70. Ke1 Rg2 71. Kf1 Rg5 72. Nh3 Rg8 73. Ng1 Ra8 74. Nh3 Ra2 75. Ng1 Rb2 76. Nh3 Kf3 77. Ng1+ Kg3 78. Ne2+ Kg4 79. Kf2 Ra2 80. Ke3 Kf5 81. Nd4+ Ke5 82. Nf3+ Kd5 83. Kf4 Rf2 84. Ke3 Ra2 85. Kf4 Ra4+ 86. Kf5 Rb4 87. Ng5 Rb1 88. Nf3 Rf1 89. Kf4 Rh1 90. Kf5 Rh8 91. Kf4 Rf8+ 92. Ke3 Ke6 93. Ke4 Kf6 94. Nd4 Re8+ 95. Kf4 Rd8 96. Nf3 Rd1 97. Ke4 Rf1 98. Kf4 Ra1 99. Ke4 Ra4+ 100. Nd4 Ra1 101. Kd5 Rb1 102.
Ke4 Rd1 103. Kd5 Kg5 104. Ke4 Re1+ 105. Kd5 Kf4 106. Ne6+ Kf5 107. Nd4+ Kf6 108. Nf3 Rd1+ 109. Nd4 Rd2 110. Ke4 Rd1 111. Kd5 Kg5 112. Ke4 Kg4 113. Ke5 Re1+ 114. Kd5 Kf4 115. Ne6+ Ke3 116. Ke5 Ra1 117. Nc5 Ra5 118. Kd5 Ra8 119. Ne6 Re8 120. Nc5 1/2-1/2

[Event "*** Titled Tuesday Blitz"]
[Site "Chess.com"]
[Date "2018.12.04"]
[Round "4"]
[White "Vuk2000"]
[Black "Guenplen"]
[Result "0-1"]
[WhiteElo "2659"]
[BlackElo "2823"]
[TimeControl "180+2"]
[EndTime "13:54:41 PST"]
[Termination "Guenplen won by resignation"]

1. d4 d5 2. Bf4 c5 3. e3 Nc6 4. c3 Bf5 5. Bd3 Bxd3 6. Qxd3 e6 7. Nf3 Bd6 8. Bg3 Nge7 9. Nbd2 cxd4 10. exd4 Nf5 11.
Bxd6 Nxd6 12. O-O O-O 13. Rfe1 a5 14. Ne5 Nxe5 15. dxe5 Nf5 16. Nf3 Qb6 17. Re2 h6 18. Rc1 Rfc8 19. c4 dxc4 20. Rxc4 Rxc4 21. Qxc4 Rd8 22. g3 Rd1+ 23. Kg2 Qd8 24. Qb5 Qd5 25. Qxd5 Rxd5 26. Rd2 Ne7 27. Rxd5 Nxd5 28. a3 Nb6 29. Nd2 Kf8 30. Kf3 Ke7 31. Ke4 Kd7 32. Kd4 Kc6 33.
Ne4 Nd7 34. f4 f5 35. Nd6 g5 36. Ne8 gxf4 37. gxf4 Nf8 38. Nd6 Ng6 39. Ke3 Ne7 40.
h4 h5 41. Ne8 Ng6 42. Ng7 Kd5 43.
Nxh5 Nxh4 44. Nf6+ Kc4 45. Ne8 Kb3 46. Nc7 Kxb2 47.
Nxe6 Kxa3 48. Nd4 Kb2 49. e6 Ng6 50. Nxf5 a4 51. Nd6 Ne7 52. Ke4 Kb3 53. Nb5 Kb4 54. Nd4 Kc4 55. f5 a3 56. f6 a2 57. Nc2 Kc3 58. Na1 Nc6 59. f7 Kb2 60. f8=Q Kxa1 61. Qf1+ Kb2 62. Qb5+ Ka3 63. Qxb7 a1=Q 64. Qa6+ Kb2 65.
Qb5+ Ka3 66. Qc5+ Kb3 67. Qb5+ Nb4 68. Kf5 Qg7 69. Qe5 Qf8+ 70. Qf6 Qc5+ 71. Kg6 Nd5 72. Qf3+ Kc4 73. Qe4+ Kb5 74. Qe2+ Kb6 75. Qb2+ Ka7 76. Qa2+ Kb8 77. Qh2+ Kb7 78. Qh7+ Kb6 79. Qd7 Qg1+ 80. Kf7 Qf2+ 81. Kg7 Qf6+ 82. Kh7 Qf5+ 83. Kh6 Qf4+ 84. Kg7 Qg4+ 85. Kf8 Qf5+ 86. Kg7 Qf6+ 87. Kh7 Kc5 88.
Qf7 Qg5 89. Qf8+ Kd4 90. Qf7 Nf6+ 91. Kh8 Qh6+ 0-1

[Event "*** Titled Tuesday Blitz"]
[Site "Chess.com"]
[Date "2018.12.04"]
[Round "4"]
[White "vugarrasulov"]
[Black "Markov_Mikhail"]
[Result "1-0"]
[WhiteElo "2790"]
[BlackElo "2601"]
[TimeControl "180+2"]
[EndTime "13:54:50 PST"]
[Termination "vugarrasulov won by resignation"]

1. e4 c5 2. Nf3 d6 3. d4 cxd4 4. Nxd4 Nf6 5. Nc3 a6 6. Be3 e6 7. f3 Qc7 8. g4 b5 9. g5 Nfd7 10. Qd2 Nb6 11. a4 b4 12. Nd1 d5 13. Nf2 Bb7 14.
a5 N6d7 15. exd5 Bxd5 16. c4 bxc3 17. Qxc3 Qb7 18. Nd3 Nc6 19. Nxc6 Bxc6 20. Be2 Bxf3 21. Rf1 Bxe2 22. Kxe2 Rc8 23. Qd4 e5 24. Nxe5 Qb5+ 25. Nd3 Rc2+ 26. Ke1 Rc4 27. Qa7 Bb4+ 28. Nxb4 Qxb4+ 29. Kf2 Qxb2+ 30. Kg3 Qe5+ 31. Bf4 Rc3+ 32. Kh4 Qe6 33.
Rf3 Rxf3 34. Qa8+ Ke7 35. Qxf3 h6 36. gxh6 gxh6 37. Rd1 Rc8 38. Rd6 Qe1+ 39. Bg3 Rc4+ 40. Kh3 Qe4 41. Qxe4+ Rxe4 42. Rxa6 Ra4 43. Bd6+ Ke6 44.
Bc7+ Kf5 45. Rxh6 Nf6 46. Rh4 Ra3+ 47. Kg2 Ng4 48. h3 Ne3+ 49. Kf2 Nd5 50. Rh5+ Ke4 51. Rh4+ Kf5 52. Bb6 Rb3 53. Bd4 Nf4 54. a6 Ke4 55. a7 Ra3 56. Rh8 Kxd4 57. a8=Q Nxh3+ 58. Ke1 Rxa8 59. Rxa8 Nf4 60. Kf2 Nd5 61. Kf3 f6 62.
Rd8 Ke5 63. Re8+ Kf5 64. Re1 Nc7 65. Rd1 Ne6 66. Rd5+ Kg6 67. Kg4 Ng5 68. Rd8 Nf7 69. Rg8+ Kh7 70. Ra8 Kg6 71. Kf4 Ng5 72. Rg8+ Kf7 73.
Rc8 Kg6 74. Rc6 Nf7 75. Rc1 Ng5 76. Rg1 Kf7 77. Kf5 Ne6 78. Ra1 Ng7+ 79. Ke4 Kg6 80. Rg1+ Kf7 81. Kd5 Nf5 82. Re1 Ne7+ 83. Kd6 Nf5+ 84.
Kd7 Nd4 85. Rd1 Nf5 86. Ra1 Ne3 87. Ra3 Nd5 88. Kd6 Nf4 89. Ra4 Ng6 90. Ra7+ Ke8 91.
Ke6 Nf4+ 92. Kxf6 Nd5+ 93. Ke5 Ne3 94. Ra4 Kd7 95. Re4 Nc2 96. Kd5 Na3 97. Kc5 Nc2 98. Re2 Na3 99. Ra2 Nb1 100. Kd4 Kc6 101. Kd3 Kc5 102. Ra1 1-0

[Event "*** Titled Tuesday Blitz"]
[Site "Chess.com"]
[Date "2018.12.04"]
[Round "4"]
[White "Hrant_ChessMood"]
[Black "gmcorrales"]
[Result "1/2-1/2"]
[WhiteElo "2943"]
[BlackElo "2795"]
[TimeControl "180+2"]
[EndTime "13:57:41 PST"]
[Termination "Game drawn - insufficient material"]

1. d4 Nf6 2. c4 g6 3. Nc3 d5 4. Nf3 Bg7 5. h4 c6 6. cxd5 cxd5 7. Bf4 Nc6 8. e3 O-O 9. Qb3 Na5 10. Qb4 a6 11.
Ne5 Nc6 12. Nxc6 bxc6 13. Be2 a5 14. Qa3 Ba6 15. O-O Nd7 16. Bg5 Re8 17. Rac1 h6 18. Bf4 e5 19. dxe5 Nxe5 20. Bxa6 Rxa6 21. Bxe5 Bxe5 22.
g3 Qb8 23. Kg2 Bd6 24. Qa4 Re6 25. Qc2 h5 26. Ne2 Be5 27. b3 a4 28. bxa4 Qa8 29.
Rfd1 Rxa4 30. Rd2 Rc4 31. Qd1 Ra4 32. Rcc2 Re7 33. Kg1 Rea7 34. Nc1 R7a6 35. Rd3 Kg7 36. Rb3 R4a5 37. Qe2 c5 38. Rd3 c4 39. Rd1 Rb6 40. Qf3 Bf6 41. Kg2 Bb2 42. Ne2 Rf6 43. Nf4 Be5 44.
Rxd5 Bxf4 45. Rxa5 Qxf3+ 46. Kxf3 Bc7+ 47. Kg2 Bxa5 48. Rxc4 Be1 49. Rc2 Ra6 50. Kf1 Bb4 51. Kg2 Kf6 52. Rb2 Bd6 53. Rc2 Ke5 54. Rd2 f6 55. Kf3 g5 56. hxg5 fxg5 57. Kg2 g4 58.
Rb2 Rc6 59. a4 Rc5 60. Ra2 Bc7 61. Rb2 Ke4 62. Rd2 Be5 63. Ra2 Kd3 64. a5 Bb8 65. a6 Ba7 66. Ra3+ Kd2 67. Ra1 Rc2 68. Kf1 Kd3 69. Ra5 Ke4 70. Rxh5 Ra2 71. Rh6 Bc5 72.
Rf6 Ra1+ 73. Kg2 Ra2 74. Kf1 Ra1+ 75. Kg2 Ra2 76. Rf4+ Ke5 77. Kf1 Ra1+ 78. Kg2 Ra2 79. Kf1 Ra1+ 80. Ke2 Ra2+ 81. Kd3 Kd5 82. Rf5+ Kc6 83.
Rf6+ Kb5 84. Ke4 Bb6 85. Rf4 Bc7 86. Rf6 Bb6 87. Rf4 Bc7 88. Rf7 Bb6 89. Rf8 Kxa6 90. Rf4 Bc7 91. Rf6+ Kb7 92. Kd5 Kc8 93. Rf7 Kd8 94.
Ke6 Ba5 95. Rf8+ Kc7 96. Rf7+ Kc6 97. Rf4 Be1 98. Rxg4 Rxf2 99. Rc4+ Kb5 100. Re4 Bc3 101. g4 Rf6+ 102. Ke7 Kc5 103. Rf4 Ra6 104. g5 Kd5 105. Kf7 Ra7+ 106. Kg6 Ke6 107. Kh5 Rh7+ 108. Kg4 Rh1 109. Rf8 Bb4 110. Rf6+ Ke7 111. e4 Bc3 112. Rc6 Be5 113. Kf5 Bb8 114. Rb6 Rf1+ 115. Kg6 Be5 116. Rb7+ Ke6 117. Rb6+ Bd6 118. Ra6 Rf4 119. Ra4 Rh4 120. Rc4 Be7 121.
Rc6+ Kd7 122. Rc4 Rg4 123. Rd4+ Ke6 124. Rd5 Rxe4 125. Ra5 Rg4 126. Ra6+ Bd6 127. Ra5 Rg1 128. Rf5 Be5 129. Rf8 Kd5 130. Re8 Ke4 131. Rf8 Bf4 132. Rf5 Rg2 133. Ra5 Be3 134. Rf5 Bd4 135. Rf8 Ra2 136. Rf7 Ra5 137. Rf8 Be3 138. Re8+ Kf3 139. Rxe3+ Kxe3 140. Kf6 Kf4 141. g6 Ra6+ 142. Kf7 Kf5 143. g7 Ra7+ 144. Kg8 Ra1 145. Kf7 Ra7+ 146. Kg8 Ra6 147. Kf7 Rf6+ 148. Ke7 Rg6 149. Kf7 Rxg7+ 150. Kxg7 1/2-1/2

[Event "*** Titled Tuesday Blitz"]
[Site "Chess.com"]
[Date "2018.12.04"]
[Round "4"]
[White "Jooonaaas1996"]
[Black "Laico"]
[Result "1/2-1/2"]
[WhiteElo "2284"]
[BlackElo "2251"]
[TimeControl "180+2"]
[EndTime "13:57:55 PST"]
[Termination "Game drawn by 50-move rule"]

1. e4 e6 2. d4 d5 3. Nc3 Nf6 4. e5 Nfd7 5. f4 c5 6. Nf3 Nc6 7.
Be3 cxd4 8. Nxd4 Bc5 9. Qd2 O-O 10. O-O-O a6 11. Kb1 Nxd4 12. Bxd4 b5 13. Bxc5 Nxc5 14. Qd4 Qc7 15. Bd3 Rb8 16. h4 b4 17. Ne2 a5 18. h5 a4 19. h6 g6 20. Rc1 Qa5 21.
f5 exf5 22. Nf4 Be6 23. g4 fxg4 24. Nh5 gxh5 25. Qf4 Qd8 26. Rxh5 Kh8 27. Bf5 Rb7 28. Rg5 Rg8 29. Rg7 Rxg7 30. hxg7+ Kxg7 31. Rh1 Bxf5 32. Qxf5 h6 33. Qxg4+ Qg5 34. Qd4 Ne6 35. Qxd5 Rb8 36. Qe4 Kh8 37. Qf3 Rg8 38. a3 bxa3 39. Qxa3 Kh7 40. Qd3+ Rg6 41. Qf3 Qxe5 42. Qxf7+ Rg7 43. Qf3 Nd4 44. Qd3+ Kg8 45. Qc4+ Ne6 46. Qxa4 Rb7 47. Qa8+ Rb8 48. Qg2+ Kf8 49. Rf1+ Ke7 50. c3 Ng5 51. Qd2 Qe4+ 52. Kc1 Nf3 53. Qc2 Qxc2+ 54. Kxc2 Ne5 55. b4 Rb6 56. Kb3 Kd6 57. c4 Rb8 58. Rf6+ Ke7 59. Rxh6 Rg8 60. Rh3 Kd6 61. Rh6+ Kc7 62. b5 Rg1 63.
Kb4 Rb1+ 64. Kc5 Nd7+ 65. Kd5 Rc1 66. Rh7 Rd1+ 67. Ke6 Rd6+ 68. Kf5 Rd4 69. c5 Rd5+ 70. Ke6 Re5+ 71. Kf7 Rxc5 72. Rh1 Rxb5 73. Kg6 Kd8 74.
Rd1 Re5 75. Kh6 Ke7 76. Rf1 Nf8 77. Rf7+ Ke8 78. Ra7 Nd7 79. Kg6 Nf8+ 80. Kh6 Rf5 81.
Ra8+ Kf7 82. Ra7+ Kg8 83. Rg7+ Kh8 84. Ra7 Rf3 85. Kg5 Ne6+ 86. Kh6 Rf6+ 87. Kh5 Ng7+ 88. Kg5 Rf2 89. Kg6 Rg2+ 90. Kh6 Nf5+ 91. Kh5 Rh2+ 92. Kg6 Nh4+ 93. Kf6 Rf2+ 94. Kg5 Nf3+ 95. Kh6 Kg8 96.
Kg6 Kf8 97. Kf6 Nd4+ 98. Kg6 Rg2+ 99. Kf6 Rf2+ 100. Kg6 Ne6 101. Kh6 Rf5 102. Kg6 Rf4 103. Rb7 Ke8 104. Ra7 Nf8+ 105. Kg5 Rf2 106. Kg4 Nd7 107. Kg3 Rf6 108. Kg4 Ke7 109. Kg5 Rd6 110. Kf5 Rd5+ 111. Kg4 Ke6 112. Kf4 Rd4+ 113. Ke3 Rd6 114. Kf3 Nc5 115. Ra8 Ke5 116. Re8+ Ne6 117. Ra8 Rd3+ 118. Ke2 Nf4+ 119. Kf2 Rd6 120. Ra5+ Ke4 121. Ra4+ Kf5 122. Ra8 Rf6 123. Rh8 Kg4 124. Ke1 Kf3 125. Kd2 Rc6 126. Rf8 Rd6+ 127. Kc3 Ke3 128. Re8+ Ne6 129. Kc4 Ke4 130. Rh8 Rc6+ 131. Kb5 Rd6 132. Kc4 Rd4+ 133. Kb5 Rd2 134. Kc6 Rc2+ 135. Kb5 Nd4+ 136. Kb4 Ke5 137. Rh5+ Kd6 138. Rh6+ Ne6 139. Kb3 Rc7 140. Kb4 Kd5 141. Rh5+ Ke4 142. Rh4+ Nf4 143. Kb5 Rf7 1/2-1/2

[Event "*** Titled Tuesday Blitz"]
[Site "Chess.com"]
[Date "2018.12.04"]
[Round "5"]
[White "BocharovD"]
[Black "vovachesss"]
[Result "1-0"]
[WhiteElo "2726"]
[BlackElo "2491"]
[TimeControl "180+2"]
[EndTime "14:00:44 PST"]
[Termination "BocharovD won by resignation"]

1. e4 e5 2. f4 d5 3. exd5 exf4 4. Nf3 Nf6 5. Bc4 Bd6 6. O-O O-O 7. Nc3 Nbd7 8. d4 Nb6 9. Bb3 Bg4 10. Qd3 Qd7 11. Ne5 Bf5 12. Nxd7 Bxd3 13. Nxf6+ gxf6 14. cxd3 1-0

[Event "*** Titled Tuesday Blitz"]
[Site "Chess.com"]
[Date "2018.12.04"]
[Round "5"]
[White "SmoothAsAHedgehog"]
[Black "StephenDedalus83"]
[Result "0-1"]
[WhiteElo "2551"]
[BlackElo "2734"]
[TimeControl "180+2"]
[EndTime "14:00:59 PST"]
[Termination "StephenDedalus83 won by resignation"]

1. Nf3 Nf6 2. c4 g6 3. g3 Bg7 4. Bg2 O-O 5. O-O d6 6. Nc3 Nc6 7. d3 e5 8. Rb1 a5 9. a3 h6 10. b4 axb4 11. axb4 Be6 12. b5 Ne7 13. Bb2 Qc8 14. Qb3 Bh3 15. Rfd1 Bxg2 16. Kxg2 Nd7 17.
d4 exd4 18. Nxd4 Nc5 19. Qc2 Qd7 20. Nd5 Nxd5 21. cxd5 Rae8 22. e3 h5 23. b6 cxb6 24. h4 Ra8 25. Ba1 Ra6 26. Nb5 Bxa1 27. Rxa1 Qxb5 0-1

[Event "*** Titled Tuesday Blitz"]
[Site "Chess.com"]
[Date "2018.12.04"]
[Round "5"]
[White "nOcHeaTiNgKiD"]
[Black "AkibaRubi"]
[Result "0-1"]
[WhiteElo "2419"]
[BlackElo "2564"]
[TimeControl "180+2"]
[EndTime "14:01:16 PST"]
[Termination "AkibaRubi won by resignation"]

1. d4 Nf6 2. Nf3 g6 3. c3 Bg7 4. Bg5 O-O 5. Nbd2 d5 6. e3 b6 7. Be2 c5 8. O-O Ba6 9. Bxa6 Nxa6 10. a4 c4 11. b3 cxb3 12. Qxb3 Nc7 13. c4 dxc4 14.
Nxc4 Rc8 15. Nce5 Ncd5 16. Rac1 Qd6 17. Bh4 Ne4 18. Nc4 Qe6 19. Bg3 Ndc3 0-1

[Event "*** Titled Tuesday Blitz"]
[Site "Chess.com"]
[Date "2018.12.04"]
[Round "5"]
[White "lucasmito"]
[Black "m3alam"]
[Result "1-0"]
[WhiteElo "2354"]
[BlackElo "2167"]
[TimeControl "180+2"]
[EndTime "14:01:23 PST"]
[Termination "lucasmito won by resignation"]

1. e4 c6 2. d4 d5 3. Nc3 dxe4 4. Nxe4 Bf5 5. Ng3 Bg6 6. h4 h6 7. h5 Bh7 8. Nf3 e6 9. Bd3 Bxd3 10. Qxd3 Nf6 11.
Bd2 Bd6 12. O-O-O Qc7 13. Ne4 Nxe4 14. Qxe4 Nd7 15. Kb1 c5 16. c4 cxd4 17. Nxd4 a6 18. Bc3 Nf6 19. Nxe6 Nxe4 20. Nxc7+ Bxc7 21. Rhe1 1-0

[Event "*** Titled Tuesday Blitz"]
[Site "Chess.com"]
[Date "2018.12.04"]
[Round "5"]
[White "Koksik_13"]
[Black "GMMatamoros"]
[Result "1-0"]
[WhiteElo "2731"]
[BlackElo "2500"]
[TimeControl "180+2"]
[EndTime "14:01:42 PST"]
[Termination "Koksik_13 won by checkmate"]

1. e4 c5 2. Nf3 Nc6 3. c3 d5 4.
exd5 Qxd5 5. d4 Bg4 6. Be2 cxd4 7. O-O e6 8. Nxd4 Bxe2 9. Qxe2 Nxd4 10. cxd4 Nf6 11. Nc3 Qd7 12. Rd1 Nd5 13. Ne4 Be7 14. Qg4 g6 15. Qg3 O-O 16. Bg5 Rfc8 17. h4 Rc2 18. h5 Rac8 19. h6 Re2 20. Bxe7 Qxe7 21. Qe5 Rxe4 22. Qg7# 1-0

[Event "*** Titled Tuesday Blitz"]
[Site "Chess.com"]
[Date "2018.12.04"]
[Round "5"]
[White "Msb2"]
[Black "joppie2"]
[Result "1-0"]
[WhiteElo "2749"]
[BlackElo "2718"]
[TimeControl "180+2"]
[EndTime "14:01:45 PST"]
[Termination "Msb2 won by resignation"]

1. d4 d5 2. Nf3 Nf6 3. g3 g6 4.
Bg2 Bg7 5. O-O O-O 6. c4 c6 7.
Qb3 Na6 8. Nc3 Nc7 9. Bf4 Ne6 10.
Be5 dxc4 11. Qxc4 Bd7 12. e4 Rc8 13. Qe2 Qb6 14. Rac1 Rfd8 15. Rfd1 Be8 16. h3 Nd7 17. Bxg7 Kxg7 18. d5 cxd5 19. Nxd5 Qa5 20. Rxc8 Rxc8 21. Nxe7 Rc5 22. a3 Qa4 23. Nd5 Rc2 24. Rd2 Rc1+ 25. Kh2 h5 26. Qe3 Rc2 27. b3 Qc6 28. Nb4 1-0